 Dungeon Crawl Stone Soup version 0.18.1-48-g4cf74bf (webtiles) character file.

31786 tyranidshit the Fighter (level 13, -5/97 HPs)
             Began as a Demonspawn Abyssal Knight on Sept 11, 2016.
             Was the Champion of Lugonu.
             Slain by a torpor snail (13 damage)
             ... on level 5 of the Lair of Beasts.
             The game lasted 00:50:04 (12041 turns).

tyranidshit the Fighter (DsAK)                     Turns: 12041, Time: 00:50:05

Health: -5/97      AC: 29    Str: 18    XL:     13   Next: 27%
Magic:  0/21       EV:  4    Int:  9    God:    Lugonu [******]
Gold:   955        SH: 15    Dex: 12    Spells: 0 memorised, 12 levels left

rFire  + + .     SeeInvis .     m - +3 whip (flame)
rCold  . . .     Gourm    .     y - +0 plate armour
rNeg   . . .     Faith    .     f - +0 large shield of Ameuza {rF++ Regen+ Int-5 Stlth+}
rPois  +         Spirit   +     z - +1 helmet
rElec  .         Dismiss  .     l - +2 cloak
rCorr  .         Reflect  .     n - +2 pair of gloves
SustAt .         Harm     .     (no boots)
MR     .....                    i - amulet of regeneration
Stlth  ..........               J - ring of poison resistance
                                S - +3 ring of protection

@: hasted and slowed, not resistant to hostile enchantments, extremely
unstealthy
A: hooves 2, yellow scales 1, frail 1, regeneration 2, magic shield, magic
regeneration, no device heal 2
a: Depart the Abyss, Bend Space, Banish, Corrupt, Enter the Abyss, Renounce
Religion


You were on level 5 of the Lair of Beasts.
You worshipped Lugonu.
Lugonu was exalted by your worship.
You were not hungry.

You visited 3 branches of the dungeon, and saw 16 of its levels.
You visited the Abyss 1 time.
You also visited: Ossuary and Ice Cave.

You collected 1075 gold pieces.
You spent 120 gold pieces at shops.

Inventory:

Hand Weapons
 d - the +0 broad axe of Wyrd {freeze, rC+ rN+}
   (You found it on level 2 of the Abyss)

   It has been specially enchanted to freeze those struck by it, causing extra
   injury to most foes and up to half again as much damage against particularly
   susceptible opponents.
   It can also slow down cold-blooded creatures.
   It protects you from cold.
   It protects you from negative energy.
 m - a +3 whip of flaming (weapon)
 I - a +5 broad axe of distortion
Missiles
 w - a throwing net (quivered)
Armour
 f - the +0 large shield of Ameuza (worn) {rF++ Regen+ Int-5 Stlth+}
   (You found it on level 1 of the Lair of Beasts)

   It affects your intelligence (-5).
   It greatly protects you from fire.
   It increases your rate of regeneration.
   It makes you more stealthy.
 l - a +2 cloak (worn)
 n - a +2 pair of gloves (worn)
 y - a +0 plate armour (worn)
 z - a +1 helmet (worn)
Jewellery
 i - an amulet of regeneration (around neck)
 x - an uncursed ring of flight
 J - a ring of poison resistance (right hand)
 K - an uncursed amulet of guardian spirit {unknown}
 Q - an uncursed ring of sustain attributes
 S - a +3 ring of protection (left hand)
Wands
 E - a wand of enslavement (16/24)
 F - a wand of disintegration (1/24)
 N - a wand of polymorph (4/24)
 P - a wand of paralysis (7/24)
 T - a wand of paralysis (9/24)
 V - a wand of flame (25/48)
Scrolls
 b - 2 scrolls of recharging
 c - 2 scrolls of fear
 o - 3 scrolls of amnesia
 v - a scroll of remove curse
 L - a scroll of blinking
 O - 3 scrolls of teleportation
 Y - a scroll of fog
Potions
 a - 2 potions of cancellation
 k - 2 potions of brilliance
 p - 5 potions of curing
 u - 5 potions of magic
 A - a potion of might
 B - a potion of flight
 C - a potion of agility
 D - 5 potions of invisibility
 G - 3 potions of mutation
 R - 2 potions of heal wounds
Miscellaneous
 e - a lamp of fire
Comestibles
 g - a fruit
 h - 2 beef jerkies
 j - a meat ration
 t - 6 bread rations
 M - 9 slices of pizza


   Skills:
 - Level 12.1 Fighting
 - Level 10.1 Axes
 - Level 10.2 Armour
 - Level 3.2 Dodging
 - Level 7.6 Shields
 - Level 11.1 Invocations
 + Level 1.2 Evocations


You had 12 spell levels left.
You didn't know any spells.

Dungeon Overview and Level Annotations

Branches:
Dungeon (10/15)            Temple (1/1) D:6            Lair (5/8) D:10
 Shoals (0/4) Lair:4       Spider (0/4) Lair:3
    Orc: D:9-12

Altars:
Ashenzari
Dithmenos
Elyvilon
Kikubaaqudgha
Nemelex Xobeh
Okawaru
Ru
Sif Muna
Trog
Vehumet
Yredelemnul
The Shining One

Shops:
D:10 (


Innate Abilities, Weirdness & Mutations

You have hoof-like feet.
You are partially covered in yellow scales (AC +2).
When hurt, damage is shared between your health and your magic reserves.
You regenerate magic rapidly.
You are frail (-10% HP).
You heal very quickly.
Potions and wands are poor at restoring your health.


Message History

The four-headed hydra bites you but does no damage.
The yak gores you but does no damage. You block the yak's attack.
The yak gores you!
Drink which item? (? for menu, Esc to quit)
You feel yourself speed up. The yak gores you! The four-headed hydra bites you.
* * * LOW HITPOINT WARNING * * *
The four-headed hydra bites you!
* * * LOW HITPOINT WARNING * * *
The four-headed hydra bites you but does no damage. x2
You block the yak's attack. You block the torpor snail's attack.
The yak gores you but does no damage. x2
You block the four-headed hydra's attack.
The four-headed hydra barely misses you.
The four-headed hydra bites you but does no damage.
The four-headed hydra bites you!
* * * LOW HITPOINT WARNING * * *
The yak gores you but does no damage. The yak gores you.
* * * LOW HITPOINT WARNING * * *
The torpor snail bites you!
You die...

### .......##.# ...
.......... ....
.......... .............
..#.....#... #h#Y..#..#
## ###DYw..# # .##.##
###..#@Y..# .##.
......##.#...YY.##.....
.......................
...................?...
......................
#. .##.....##[.##..###..
##.# ###...##.##.####
#....##.P..^###†.#.#
......<........)........


You could see a four-headed hydra, a torpor snail, a polar bear and 5 yaks.

Vanquished Creatures
  2 hydras
  A centaur warrior (D:9)
  Erolcha (D:8)
  A death yak (IceCv)
  Pikel (D:4)
  7 spiny frogs
  A centaur skeleton (D:8)
  3 komodo dragons
  A rime drake (Lair:4)
  A troll (D:9)
  Prince Ribbit (D:5)
  10 polar bears (IceCv)
  7 blink frogs
  42 yaks
  Sigmund (D:5)
  A wyvern (Lair:2)
  A basilisk (Lair:1)
  A human (D:7)
  7 hippogriffs
  2 hungry ghosts
  Edmund (D:5)
  6 porcupines
  6 water moccasins
  15 ice beasts
  2 black bears
  Purgy (D:3)
  3 orc warriors
  A necrophage (D:10)
  2 phantoms
  3 sky beasts
  2 ogres
  21 wolves
  7 centaurs
  5 crocodiles
  4 elf zombies (Ossuary)
  15 giant frogs
  3 scorpions
  3 wights (D:9)
  4 howler monkeys
  2 giant frog zombies
  2 crimson imps
  2 jellies
  A human zombie (Ossuary)
  3 orc priests
  6 orc wizards
  3 giant frog skeletons
  7 iguanas
  3 worker ants
  25 sheep
  2 big kobold zombies (Ossuary)
  3 mummies
  A hound skeleton (D:4)
  A hound zombie (D:6)
  A gnoll (D:1)
  10 adders
  37 river rats
  3 shadow imps
  An ooze (D:4)
  2 adder skeletons (D:7)
  3 worms
  8 dart slugs
  9 giant geckos
  26 orcs
  3 ball pythons
  3 giant cockroaches
  13 goblins
  12 hobgoblins
  7 jackals
  7 kobolds
  2 quokkas
  A ball python skeleton (D:4)
  8 bats
  5 giant newts
  2 goblin zombies (Ossuary)
  13 hobgoblin zombies
  A jackal skeleton (D:5)
  2 jackal zombies (Ossuary)
  7 kobold zombies
  6 orc zombies (Ossuary)
  7 rats
  A rat zombie (Ossuary)
  3 fungi
  2 plants
462 creatures vanquished.

Vanquished Creatures (others)
  A frost giant (IceCv)
  A black mamba (Lair:2)
  A spiny frog (Lair:4)
  An ice statue (IceCv)
  2 komodo dragons
  4 polar bears (IceCv)
  4 yaks
  2 wolves
  4 sheep
  3 river rats
  2 dart slugs (D:4)
  A fungus (Lair:3)
  2 plants (D:10)
28 creatures vanquished.

Grand Total: 490 creatures vanquished

Notes
Turn   | Place    | Note
--------------------------------------------------------------
     0 | Abyss:1  | tyranidshit the Demonspawn Abyssal Knight began the quest for the Orb.
     0 | Abyss:1  | Reached XP level 1. HP: 18/18 MP: 2/2
    30 | Abyss:2  | Got a brightly glowing broad axe
    32 | Abyss:2  | Identified the cursed +0 broad axe of Wyrd {freeze, rC+ rN+} (You found it on level 2 of the Abyss)
    35 | Abyss:2  | Noticed a chaos spawn
    40 | D:1      | Escaped the Abyss
   132 | D:1      | Gained mutation: You have large cloven feet. [demonic ancestry]
   132 | D:1      | Reached XP level 2. HP: 12/24 MP: 3/3
   225 | D:1      | Reached ** piety under Lugonu
   240 | D:1      | HP: 1/25 [goblin (2)]
   297 | D:1      | Reached skill level 4 in Fighting
   483 | D:1      | Gained mutation: You have hoof-like feet. [demonic ancestry]
   483 | D:1      | Reached XP level 3. HP: 18/30 MP: 4/4
   988 | D:2      | Reached XP level 4. HP: 38/38 MP: 5/5
   996 | D:2      | Reached skill level 5 in Fighting
  1046 | D:2      | Found a faded altar to an unknown god.
  1155 | D:2      | Found a white marble altar of Elyvilon.
  1208 | D:2      | Found a sparkling altar of Nemelex Xobeh.
  1282 | D:2      | Reached *** piety under Lugonu
  1296 | D:3      | Noticed Purgy
  1506 | D:3      | Reached XP level 5. HP: 39/46 MP: 6/6
  1511 | D:3      | Reached skill level 6 in Fighting
  1617 | D:3      | Found a basalt altar of Yredelemnul.
  1674 | D:3      | Killed Purgy
  1674 | D:3      | Reached XP level 6. HP: 31/53 MP: 7/7
  1752 | D:3      | Found a shattered altar of Ashenzari.
  1755 | D:3      | Found a glowing golden altar of the Shining One.
  1758 | D:3      | Found a radiant altar of Vehumet.
  1761 | D:3      | Found a shadowy altar of Dithmenos.
  1958 | D:4      | Reached **** piety under Lugonu
  1958 | D:4      | Reached skill level 7 in Fighting
  1965 | D:4      | Noticed a slave
  1967 | D:4      | Noticed Pikel
  1969 | D:4      | Noticed a slave
  1970 | D:4      | Noticed a slave
  1974 | D:4      | Noticed a slave
  2014 | D:4      | Killed Pikel
  2014 | D:4      | Reached skill level 9 in Fighting
  2014 | D:4      | Gained mutation: When hurt, damage is shared between your health and your magic reserves. [demonic ancestry]
  2014 | D:4      | Reached XP level 7. HP: 18/64 MP: 8/8
  2321 | D:4      | Noticed a hippogriff
  2331 | D:4      | Killed a hippogriff
  2331 | D:4      | Gained mutation: You are partially covered in yellow scales (AC +2). [demonic ancestry]
  2331 | D:4      | Reached XP level 8. HP: 18/72 MP: 4/9
  2572 | D:4      | Reached skill level 10 in Fighting
  2576 | D:4      | Gained mutation: Potions and wands are less effective at restoring your health. [potion of mutation]
  2576 | D:4      | Gained mutation: Your natural rate of healing is unusually fast. [potion of mutation]
  2576 | D:4      | Gained mutation: You are frail (-10% HP). [potion of mutation]
  2888 | D:5      | Entered Level 5 of the Dungeon
  2985 | D:5      | Noticed Edmund
  2997 | D:5      | Killed Edmund
  3138 | D:5      | Noticed Sigmund
  3148 | D:5      | Killed Sigmund
  3148 | D:5      | Reached skill level 11 in Fighting
  3180 | D:5      | Found a sand-covered staircase.
  3354 | Ossuary  | Entered an ossuary
  3661 | D:5      | Reached XP level 9. HP: 64/72 MP: 8/10
  3841 | D:5      | Noticed Prince Ribbit
  3919 | D:5      | Killed Prince Ribbit
  4376 | D:6      | Reached ***** piety under Lugonu
  4577 | D:6      | Found a staircase to the Ecumenical Temple.
  4590 | Temple   | Entered the Ecumenical Temple
  4729 | D:6      | Gained mutation: Potions and wands are poor at restoring your health. [mutagenic meat]
  4731 | D:6      | Gained mutation: You heal very quickly. [mutagenic meat]
  4832 | D:6      | Reached skill level 5 in Armour
  4878 | D:6      | Found a bloodstained altar of Trog.
  4917 | D:6      | Reached skill level 5 in Axes
  5617 | D:7      | Gained mutation: You regenerate magic rapidly. [demonic ancestry]
  5617 | D:7      | Reached XP level 10. HP: 66/78 MP: 6/11
  6211 | D:8      | Noticed Erolcha
  6229 | D:8      | Killed Erolcha
  6561 | D:9      | Noticed a centaur warrior
  6619 | D:9      | Killed a centaur warrior
  6619 | D:9      | Reached XP level 11. HP: 62/83 MP: 7/12
  6996 | D:10     | Entered Level 10 of the Dungeon
  7179 | D:10     | Found Healet Eche's Antique Weapon Boutique.
  7192 | D:10     | Reached ****** piety under Lugonu
  7197 | D:10     | Bought a broad axe for 120 gold pieces
  7203 | D:10     | Identified a glowing broad axe (a broad axe corrupted by Lugonu)
  7203 | D:10     | Received a gift from Lugonu
  7518 | D:10     | Found a shattered altar of Ashenzari.
  7523 | D:10     | Saw a vision of the Shoals and the Spider Nest.
  7523 | D:10     | Noticed a sea snake
  7523 | D:10     | Noticed a wolf spider
  7523 | D:10     | Noticed a wolf spider
  7523 | D:10     | Noticed a wolf spider
  7538 | D:10     | Found a staircase to the Lair.
  7852 | Lair:1   | Entered Level 1 of the Lair of Beasts
  7972 | Lair:1   | Noticed a six-headed hydra
  8035 | D:10     | Killed a six-headed hydra
  8035 | D:10     | Reached skill level 10 in Armour
  8133 | Lair:1   | Reached skill level 10 in Axes
  8356 | Lair:1   | Noticed an eight-headed hydra
  8368 | Lair:1   | Banished an eight-headed hydra
  8453 | Lair:1   | Got a crude large shield
  8459 | Lair:1   | Identified the cursed +0 large shield of Ameuza {rF++ Regen+ Int-5 Stlth+} (You found it on level 1 of the Lair of Beasts)
  8863 | Lair:1   | Reached skill level 5 in Invocations
  9083 | Lair:2   | Reached skill level 1 in Shields
  9093 | Lair:2   | Reached XP level 12. HP: 90/90 MP: 16/16
  9865 | Lair:3   | Found a hole to the Spider Nest.
 10411 | Lair:4   | Noticed a seven-headed hydra
 10425 | Lair:4   | Killed a seven-headed hydra
 10425 | Lair:4   | Reached skill level 5 in Shields
 10455 | Lair:4   | Found a staircase to the Shoals.
 10536 | Lair:4   | Found a frozen archway.
 10554 | IceCv    | Entered an ice cave
 10574 | IceCv    | Reached skill level 10 in Invocations
 10681 | IceCv    | Noticed a death yak
 10681 | IceCv    | Noticed a death yak
 10702 | IceCv    | Killed a death yak
 10773 | IceCv    | Reached skill level 1 in Dodging
 10831 | IceCv    | Reached XP level 13. HP: 96/96 MP: 21/21
 11075 | IceCv    | Noticed a frost giant
 11245 | IceCv    | Banished a frost giant
 11278 | Lair:4   | Reached skill level 12 in Fighting
 12016 | Lair:5   | Reached skill level 1 in Evocations
 12041 | Lair:5   | Slain by a torpor snail

Skill      XL: |  1  2  3  4  5  6  7  8  9 10 11 12 13 |
---------------+----------------------------------------+-----
Fighting       | 4 5 6 9 11 12 | 12.1
Armour         | 3 6 8 10 | 10.2
Axes           | 3 6 8 10 | 10.1
Invocations    | 6 11 | 11.1
Shields        | 1 6 7 |  7.6
Dodging        | 1 3 |  3.2
Evocations     | 1 |  1.2

Action                   |  1- 3 |  4- 6 |  7- 9 | 10-12 | 13-15 || total
-------------------------+-------+-------+-------+-------+-------++-------
Melee: Broad axe         |    98 |   162 |   400 |   804 |   141 ||  1605
       Kick              |    10 |    32 |   107 |   219 |    50 ||   418
       Whip              |       |       |       |    33 |    18 ||    51
Invok: Banish            |       |       |       |     1 |     1 ||     2
       Brand Weapon With |       |       |       |     1 |       ||     1
Evoke: Wand              |       |       |       |    12 |     2 ||    14
  Use: Scroll            |     3 |     3 |    11 |    16 |       ||    33
       Potion            |     3 |     5 |     5 |     2 |     1 ||    16
  Eat: Bread ration      |       |     1 |     1 |     3 |       ||     5
       Meat ration       |       |       |     2 |     6 |       ||     8
       Chunk             |       |       |     2 |       |       ||     2
       Beef jerky        |       |       |       |     3 |       ||     3
       Royal jelly       |       |       |       |     2 |       ||     2
       Pizza             |       |       |       |     1 |       ||     1
       Fruit             |       |       |       |     4 |     3 ||     7
Armor: Leather armour    |     8 |       |       |       |       ||     8
       Scale mail        |    44 |   142 |    50 |       |       ||   236
       Plate armour      |       |       |   383 |   853 |   136 ||  1372
Dodge: Dodged            |    83 |   118 |   151 |   195 |    27 ||   574
Block: Large shield      |       |       |       |   300 |   148 ||   448
